 Dungeon Crawl Stone Soup version 0.30.1-11-g7821555f0a (webtiles) character file.

Game seed: 3222533560399267269

3812 Nephrite the Digger (level 10, -1/70 HPs)
             Began as a Meteoran Earth Elementalist on Jan 7, 2024.
             Was a Believer of Cheibriados.
             Succumbed to a killer bee's poison
             ... on level 9 of the Dungeon.
             The game lasted 00:32:35 (5967 turns).

Nephrite the Digger (Meteoran Earth Elementalist)   Turns: 5967, Time: 00:32:35

Health: -1/70      AC: 25    Str: 17    XL:     10   Next: 66%
Magic:  15/20      EV:  2    Int: 23    God:    Cheibriados [**....]
Gold:   506        SH:  0    Dex: 18    Spells: 7/21 levels left

rFire   + . .        H - +2 hand axe (distort)
rCold   . . .        (no shield)
rNeg    . . .        n - melded +3 scale mail {Will+}
rPois   +            (helmet currently unavailable)
rElec   .            (cloak currently unavailable)
rCorr   .            (gloves currently unavailable)
SInv    .            i - melded +0 pair of boots of Ronit {rElec rC+}
Will    ++...        b - amulet of magic regeneration
Stlth   +            f - ring of protection from fire
HPRegen 0.31/turn    l - ring of willpower
MPRegen 0.57/turn

%: no passive effects
@: mighty, lethally poisoned (-1 -> -16), tree-form, glowing, very slow
A: stationary, stasis, torment immunity, boosted hp, sense surroundings 2,
otherworldly, glowing, explore regen, (antennae 1), (iridescent scales 1),
(shaggy fur 1)
a: Renounce Religion, Bend Time


You were on level 9 of the Dungeon.
You worshipped Cheibriados.
Cheibriados was pleased with you.
You were a tree.
You visited 1 branch of the dungeon, and saw 9 of its levels.

You collected 506 gold pieces.

Inventory:

Hand Weapons
 c - a +1 dagger
 j - a +0 dagger of venom
 m - a +1 sling of flaming
 C - a +2 war axe of electrocution
 H - a +2 hand axe of distortion (weapon)
Missiles
 r - 5 boomerangs (quivered)
 y - 3 boomerangs of dispersal
Armour
 a - a +2 robe
 i - the +0 pair of boots of Ronit (melded) {rElec rC+}
   (You found it on level 3 of the Dungeon)

   rC:        It protects you from cold.
   rElec:     It insulates you from electricity.
 n - a +3 scale mail of willpower (melded)
Jewellery
 b - an amulet of magic regeneration (around neck)
 f - a ring of protection from fire (left branch)
 l - a ring of willpower (right branch)
 q - a ring of protection from cold
 w - a ring of protection from fire
Wands
 g - a wand of flame (34)
 o - a wand of acid (6)
 p - a wand of polymorph (4)
Scrolls
 d - 8 scrolls of noise
 k - 3 scrolls of amnesia
 s - 4 scrolls of magic mapping
 v - 2 scrolls of fog
 x - a scroll of teleportation
 z - 2 scrolls of identify
 B - a scroll of brand weapon
 D - 3 scrolls of vulnerability
 I - a scroll of poison
Potions
 e - 3 potions of mutation
 h - 4 potions of flight
 u - a potion of lignification
 A - a potion of degeneration
 E - a potion of might
 F - 3 potions of brilliance
 G - a potion of invisibility


   Skills:
 * Level 3.5 Fighting
 * Level 3.9 Short Blades
 * Level 3.8 Axes
 * Level 3.3 Ranged Weapons
 * Level 4.2 Throwing
 * Level 4.5 Armour
 * Level 4.9 Dodging
 * Level 3.1 Stealth
 * Level 6.3 Spellcasting
 * Level 3.8 Conjurations
 * Level 4.0 Translocations
 * Level 4.3 Transmutations
 * Level 6.7 Earth Magic
 * Level 2.8 Invocations
 * Level 3.5 Evocations


You had 7 spell levels left.
You knew the following spells:

 Your Spells              Type           Power      Damage    Failure   Level
a - Sandblast             Erth           76%        2d16      1%          1
b - Passwall              Tmut/Erth      26%        N/A       1%          2
c - Stone Arrow           Conj/Erth      62%        3d10      2%          3
d - Blink                 Tloc           50%        N/A       2%          2
e - Momentum Strike       Conj/Tloc      50%        3d9       2%          2
f - Petrify               Tmut/Erth      32%        N/A       9%          4

Your spell library contained the following spells:

 Spells                   Type           Power      Damage    Failure   Level
 Lesser Beckoning         Tloc           50%        N/A       2%          2


Dungeon Overview and Level Annotations

Branches:
Dungeon (9/15) Zot: 124    Temple (0/1) D:7            Lair (0/5) D:9
    Orc: D:9-12

Altars:
Cheibriados
Gozag
Hepliaklqana
Makhleb
Okawaru
Trog
Uskayaw
Zin

Annotations:
D:6 2 transporters


Innate Abilities, Weirdness & Mutations

You are a tree.
Your roots penetrate the ground, keeping you stationary.
You cannot be teleported.
You are immune to unholy pain and torment.
Your maximum health is greatly increased.
Your equipment is partially melded.
You passively map the area around you.
You are easily found by Zot.
You glow in the dark.
You regain HP and MP as you explore.
((You have a pair of small antennae on your head.))
((You are partially covered in iridescent scales. (AC +2)))
((You are covered in fur. (AC +1)))


Message History

Space warps horribly around the killer bee!
You kill the killer bee!
Cheibriados thoroughly appreciates the change of pace.
You closely miss the killer bee. The killer bee closely misses you.
The killer bee barely misses you.
The killer bee stings you but does no damage.
The killer bee barely misses you.
The killer bee stings you but does no damage.
The killer bee completely misses you.
You hit the killer bee but do no damage.
The killer bee is lightly wounded.
You miss the killer bee.
You feel sick. The killer bee misses you.
The killer bee stings you but does no damage.
The killer bee misses you. The killer bee stings you.
* * * LOW HITPOINT WARNING * * *
You are lethally poisoned!
The killer bee poisons you!
Really quaff the potion of mutation?
Okay, then.
You feel very mighty all of a sudden.
* * * LOW HITPOINT WARNING * * *
You feel sick.
The killer bee stings you but does no damage.
The killer bee closely misses you. The killer bee stings you.
* * * LOW HITPOINT WARNING * * *
You are more poisoned.
The killer bee poisons you! The killer bee closely misses you.
You slash the killer bee!
The killer bee is devoured by a tear in reality.
You barely miss the killer bee.
* * * LOW HITPOINT WARNING * * *
You feel very sick. The killer bee barely misses you. x2
Unknown command.
Really quaff the potion of lignification?
You turn into a tree.
The +0 pair of boots of Ronit {rElec rC+} melds into your body.
Your +3 scale mail of willpower melds into your body.
You feel less strong-willed.
Your roots penetrate the ground.
You die...

.####....#####.....# , ,
....#....#.........# .. , ,,
....#...##.........#####.. , ,
....#...#..#######.......[ ,
...<#...#..# ...>#........ , ,
, ....#...'..# ...#†....... ,
+#+##...#..# ,.§#........ ,, *
........#..#####§#....#### * ,
........#......y♣§....#......#,
######..#......†......#......#
# , ,#..#.............#......#
,, # #..#######+#######......
#, #.............[........ , #
, #...................########
# ,#......#####........#.......
# ,, #......# #..).....#.......
#, #......# #.#####..#.......


You could see a killer bee.

Vanquished Creatures
  Grinder (D:6)
  2 dream sheep (D:8)
  Sigmund (D:5)
  A shadow (D:9)
  2 steam dragons
  A water moccasin (D:8)
  4 black bears
  An ice beast (D:7)
  A sky beast (D:7)
  3 centaurs
  An ogre (D:7)
  Blork the orc (D:4)
  3 bullfrogs
  A gnoll sergeant (D:4)
  A kobold brigand (D:9)
  2 scorpions (D:5)
  2 killer bees (D:9)
  A howler monkey (D:7)
  An iron imp (D:6)
  3 hounds
  A jelly (D:4)
  2 gnoll boudas (D:8)
  4 orc priests
  2 sleepcaps
  Jessica (D:2)
  2 iguanas
  3 orc wizards
  15 gnolls
  11 adders
  2 white imps
  An ufetubus (D:9)
  6 dart slugs
  24 orcs
  8 ball pythons
  5 endoplasms
  2 giant cockroaches
  5 hobgoblins
  3 jackals (D:1)
  18 kobolds
  4 quokkas
  3 bats
  2 frilled lizards
  6 goblins
  A rat (D:2)
164 creatures vanquished.

Notes
Turn   | Place    | Note
-------+----------+-------------------------------------------
     0 | D:1      | Nephrite the Meteoran Earth Elementalist began the quest
                  | for the Orb.
     0 | D:1      | Reached XP level 1. HP: 14/14 MP: 5/5
   101 | D:1      | Reached XP level 2. HP: 3/20 MP: 3/6
   104 | D:1      | Learned a level 2 spell: Passwall
   274 | D:1      | Reached XP level 3. HP: 24/27 MP: 6/8
   278 | D:1      | Learned a level 3 spell: Stone Arrow
   475 | D:2      | Noticed Jessica
   481 | D:2      | Killed Jessica
   482 | D:2      | Reached XP level 4. HP: 20/34 MP: 4/9
   492 | D:2      | Reached skill level 1 in Throwing
   576 | D:2      | Learned a level 2 spell: Blink
   705 | D:2      | Found a hide-covered altar of Uskayaw.
   709 | D:2      | Reached skill level 1 in Armour
   709 | D:2      | Reached XP level 5. HP: 39/39 MP: 7/11
   716 | D:2      | Learned a level 2 spell: Momentum Strike
   837 | D:2      | Reached skill level 1 in Conjurations
   867 | D:2      | Found a faded altar of an unknown god.
  1235 | D:3      | Identified the +0 pair of boots of Ronit {rElec rC+}
  1278 | D:3      | Found a hide-covered altar of Uskayaw.
  1682 | D:3      | Glimpsed the power of Zot.
  1732 | D:3      | Glimpsed the power of Zot.
  1737 | D:4      | Noticed Blork the orc
  1742 | D:4      | Killed Blork the orc
  1743 | D:4      | Reached skill level 1 in Fighting
  1743 | D:4      | Reached skill level 1 in Short Blades
  1743 | D:4      | Reached XP level 6. HP: 38/47 MP: 0/12
  1804 | D:4      | Reached skill level 1 in Translocations
  1878 | D:4      | Gained mutation: You have a pair of small antennae on your
                  | head. [potion of mutation]
  1878 | D:4      | Gained mutation: You are covered in fur. (AC +1) [potion of
                  | mutation]
  1878 | D:4      | Gained mutation: You are partially covered in iridescent
                  | scales. (AC +2) [potion of mutation]
  1902 | D:4      | Reached skill level 5 in Earth Magic
  1972 | D:4      | Reached XP level 7. HP: 52/52 MP: 1/14
  2214 | D:5      | Entered Level 5 of the Dungeon
  2339 | D:5      | Reached skill level 1 in Evocations
  2368 | D:5      | Reached skill level 1 in Ranged Weapons
  2368 | D:5      | Reached XP level 8. HP: 45/61 MP: 14/16
  2462 | D:5      | Reached skill level 5 in Spellcasting
  2489 | D:5      | Learned a level 4 spell: Petrify
  2502 | D:5      | Noticed Sigmund
  2509 | D:5      | Killed Sigmund
  2678 | D:5      | You fall into a shaft and drop 1 floor!
  2682 | D:6      | Found a transporter.
  2682 | D:6      | Noticed a troll
  2683 | D:6      | Noticed a skeletal warrior
  2683 | D:6      | Noticed Grinder
  2695 | D:6      | Killed Grinder
  2696 | D:6      | Gained mutation: You passively map the area around you.
                  | [Meteoran growth]
  2696 | D:6      | Reached XP level 9. HP: 41/68 MP: 9/18
  2734 | D:6      | Found a transporter.
  2750 | D:6      | Found a burning altar of Makhleb.
  2750 | D:6      | Found a hazy altar of Hepliaklqana.
  2750 | D:6      | Found a bloodstained altar of Trog.
  2824 | D:6      | Found a snail-covered altar of Cheibriados.
  2869 | D:6      | Became a worshipper of Cheibriados the Contemplative
  3230 | D:4      | Found a glowing silver altar of Zin.
  3231 | D:4      | Found an opulent altar of Gozag.
  3615 | D:1      | Glimpsed the power of Zot.
  3652 | D:1      | Glimpsed the power of Zot.
  3683 | D:2      | Glimpsed the power of Zot.
  3691 | D:3      | Touched by the power of Zot.
  3821 | D:6      | You fall into a shaft and drop 3 floors!
  3822 | D:9      | Noticed an ice devil
  3830 | D:9      | Noticed an ice devil
  3846 | D:9      | Noticed an ice devil
  3848 | D:9      | Noticed an ice devil
  4007 | D:9      | Reached skill level 1 in Axes
  4007 | D:9      | Reached skill level 1 in Invocations
  4007 | D:9      | Reached * piety under Cheibriados
  4161 | D:8      | Reached XP level 10. HP: 55/61 MP: 17/19
  4593 | D:8      | Found an iron altar of Okawaru.
  4993 | D:7      | Reached ** piety under Cheibriados
  5677 | D:7      | Found a staircase to the Ecumenical Temple.
  5773 | D:7      | Glimpsed the power of Zot.
  5806 | D:7      | Glimpsed the power of Zot.
  5834 | D:7      | Glimpsed the power of Zot.
  5841 | D:7      | Touched by the power of Zot.
  5951 | D:9      | Found a staircase to the Lair.
  5966 | D:9      | HP: 1/47 [poisoned by a killer bee]
  5967 | D:9      | Succumbed to a killer bee's poison

Illustrated notes

Levels and vault maps discovered:
D:1:      minmay_arrival_nine_rooms, layout_basic
D:2:      layout_basic, shapermc_ecumenical_altar_mp_vishouse, basic_altar,
          uniq_jessica
D:3:      layout_loops_ring, lemuel_crystal_altar
D:4:      layout_rooms, grunt_temple_overflow_gold_and_silver,
          uniq_blork_the_orc
D:5:      layout_cave_pools, chequers_serial_rivers_micro_c, uniq_sigmund
D:6:      layout_basic, slow_altar_1, gammafunk_temple_overflow_arena,
          uniq_grinder
D:7:      layout_loops_ring, minmay_temple_entry_nine_rooms
D:8:      layout_loops_corners, okawaru_altar_gauntlet_db,
          dreamdust_gnoll_shepherd
D:9:      cheibrodos_frozen_isle, layout_irregular_city, lair_entry_dummy,
          uniq_harold

Skill      XL: |  1  2  3  4  5  6  7  8  9 10 |
---------------+-------------------------------+-----
Earth Magic    | 4 5 6 |  6.7
Spellcasting   | 3 4 5 6 |  6.3
Throwing       | 1 2 3 4 |  4.2
Armour         | 1 2 3 4 |  4.5
Conjurations   | 1 2 3 |  3.8
Fighting       | 1 2 3 |  3.5
Short Blades   | 1 2 3 |  3.9
Transmutations | 2 3 4 |  4.3
Translocations | 1 2 3 4 |  4.0
Dodging        | 3 4 |  4.9
Stealth        | 2 3 |  3.1
Evocations     | 1 2 3 |  3.5
Ranged Weapons | 1 2 3 |  3.3
Axes           | 1 3 |  3.8
Invocations    | 1 2 |  2.8

Action                     |  1- 3 |  4- 6 |  7- 9 | 10-12 || total
---------------------------+-------+-------+-------+-------++-------
  Melee: Dagger            |    17 |    25 |    62 |       ||   104
         Punch             |     1 |       |     1 |     2 ||     4
         War axe           |       |       |    44 |     4 ||    48
         Hand axe          |       |       |       |    67 ||    67
   Fire: Sling             |       |    10 |       |       ||    10
  Throw: Boomerang         |    22 |       |    25 |    22 ||    69
   Cast: Sandblast         |    16 |    25 |    15 |     4 ||    60
         Stone Arrow       |     3 |    34 |    40 |    16 ||    93
         Blink             |       |       |       |     1 ||     1
  Evoke: Wand              |       |       |    22 |     3 ||    25
    Use: Scroll            |     2 |     7 |     7 |     1 ||    17
         Potion            |     1 |     7 |     1 |     4 ||    13
 Armour: Robe              |    17 |    16 |    10 |       ||    43
         Scale mail        |       |       |   168 |    81 ||   249
  Dodge: Dodged            |    24 |    38 |    96 |    80 ||   238
